 Dungeon Crawl Stone Soup version 0.29.1-1-gd02db6906a (webtiles) character file.

Game seed: 4346470092695386358

154 zahami the Gusty (level 4, -13/33 HPs)
             Began as a Demigod Air Elementalist on Sept 16, 2022.
             Killed from afar by an orc wizard (14 damage)
             ... with a puff of flame
             ... on level 4 of the Dungeon.
             The game lasted 00:46:51 (5825 turns).

zahami the Gusty (Demigod Air Elementalist)         Turns: 5825, Time: 00:46:52

Health: -13/33     AC:  2    Str:  8 (9)  XL:     4   Next: 88%
Magic:  3/11       EV: 12    Int: 19 (21) God:
Gold:   164        SH:  0    Dex: 13 (14) Spells: 2/8 levels left

rFire   . . .      SeeInvis .   s - +3 quarterstaff (spect)
rCold   + . .      Faith    .   (shield currently unavailable)
rNeg    . . .      Spirit   .   a - +0 robe
rPois   .          Reflect  .   (no helmet)
rElec   .          Harm     .   (no cloak)
rCorr   .          Rampage  .   (no gloves)
Will    .....                   (no boots)
Stlth   ++........              (no amulet)
HPRegen 0.11/turn               f - ring of protection from cold
MPRegen 0.12/turn               (no ring)

@: no status effects
A: high MP 1, forlorn, divine attributes
a: no special abilities


You were on level 4 of the Dungeon.
You visited 1 branch of the dungeon, and saw 4 of its levels.

You collected 164 gold pieces.

Inventory:

Hand Weapons
 h - a +0 mace
 n - a +0 shortbow
 s - a +3 spectral quarterstaff (weapon)
Missiles
 l - 16 stones
Armour
 a - a +0 robe (worn)
 d - a +0 robe
 m - a +0 robe
Magical Staves
 p - a staff of earth
Jewellery
 f - a ring of protection from cold (left hand)
Scrolls
 g - 3 scrolls of teleportation
Potions
 b - a potion of magic
 c - a potion of berserk rage
 e - a potion of lignification
 i - a potion of curing {unknown}
 j - 2 potions of degeneration
 o - 2 potions of invisibility {unknown}
 q - a potion of mutation {unknown}
 r - 2 potions of haste {unknown}


   Skills:
 - Level 1.7 Dodging
 - Level 1.7 Stealth
 + Level 2.9 Spellcasting
 + Level 2.6 Conjurations
 + Level 3.8 Air Magic


You had 2 spell levels left.
You knew the following spells:

 Your Spells              Type           Power      Damage    Failure   Level
a - Shock                 Conj/Air       60%        1d6       4%          1
b - Static Discharge      Conj/Air       15%        3-5/arc   6%          2
c - Swiftness             Air            17%        N/A       10%         3

Your spell library contained the following spells:

 Spells                   Type           Power      Damage    Failure   Level
 Airstrike                Air            8%         2d(2-18)  32%         4
 Passage of Golubria      Tloc           2%         N/A       83%         4
 Silence                  Hex/Air        5%         N/A       89%         5
 Lehudib's Crystal Spear  Conj/Erth      3%         10d3      100%        8


Dungeon Overview and Level Annotations

Branches:
Dungeon (4/15)
 Temple: D:4-7


Innate Abilities, Weirdness & Mutations

You have an increased reservoir of magic. (+10% MP)
You shall have no god before yourself.
Your divine heritage dramatically boosts your attributes as you level up.


Message History

The orc wizard attacks as you move away!
The orc wizard hits you but does no damage.
The orc wizard attacks as you move away!
The orc wizard closely misses you.
Casting: Shock (safe; 4% risk of failure)
Confirm with . or Enter, or press ? or * to list all spells.
Aiming: Shock (safe; 4% risk of failure)
Press: ? - help, Shift-Dir - straight line, f/p - orc warrior
Aim: an orc warrior, wielding a +0 halberd and wearing a +0 chain mail (heavily wounded, 68% to hit)
You miscast Shock.
You are very lightly contaminated with residual magic.
Nothing appears to happen.
The orc wizard hits you with a +0 dagger.
The orc warrior barely misses you.
The orc wizard gestures wildly while chanting.
The orc wizard flickers and vanishes!
Deactivating autopickup; reactivate with Ctrl-A.
You hear some strange, mumbled words.
Something tries to affect you, but you resist.
Your magical contamination has completely faded away.
Casting: Shock (safe; 4% risk of failure)
Confirm with . or Enter, or press ? or * to list all spells.
Aiming: Shock (safe; 4% risk of failure)
Press: ? - help, Shift-Dir - straight line, f/p - orc warrior
Aim: an orc warrior, wielding a +0 halberd and wearing a +0 chain mail (heavily wounded, 68% to hit)
The zap hits something.
The zap misses the orc warrior.
The zap hits the orc warrior but does no damage.
The orc warrior is heavily wounded.
You hear some strange, mumbled words.
Something tries to affect you, but you resist.
A magic dart appears from out of thin air!
The magic dart hits you!
* * * LOW HITPOINT WARNING * * *
Unknown command.
A magic dart appears from out of thin air!
The magic dart hits you.
* * * LOW HITPOINT WARNING * * *
A puff of flame appears from out of thin air!
The puff of flame hits you!
You die...

#....................##
##.....##..<.....###..#
##...........##.# ###.
#...##.....###.## ##
#..####...## ##.# # ###
##.# #..## #.# #..#
#.####..# #.## #..
##..##...### #..#
#.###...@......# ####
#..#......####.#
#......### ###
##......###
######........##
..........#....##
###.....o{####..#
###.....# ##.#
##.....#######


You could see an orc warrior.

Vanquished Creatures
  An orc priest (D:3)
  An orc wizard (D:3)
  Terence (D:3)
  An adder (D:2)
  A gnoll (D:1)
  A worm (D:3)
  8 orcs
  3 endoplasms
  4 giant cockroaches
  4 goblins
  5 hobgoblins
  4 jackals
  5 kobolds (D:1)
  A quokka (D:2)
  4 ball pythons
  6 bats
  A frilled lizard (D:2)
  5 rats
56 creatures vanquished.

Vanquished Creatures (others)
  2 plants (D:1)
2 creatures vanquished.

Grand Total: 58 creatures vanquished

Notes
Turn   | Place    | Note
-------+----------+-------------------------------------------
     0 | D:1      | zahami the Demigod Air Elementalist began the quest for the
                  | Orb.
     0 | D:1      | Reached XP level 1. HP: 14/14 MP: 5/5
    66 | D:1      | Reached skill level 1 in Conjurations
   528 | D:1      | Reached skill level 3 in Air Magic
   804 | D:1      | Reached XP level 2. HP: 20/20 MP: 2/7
  1016 | D:1      | Learned a level 2 spell: Static Discharge
  1440 | D:1      | You fall into a shaft and drop 1 floor!
  2744 | D:2      | Reached XP level 3. HP: 25/26 MP: 6/8
  3067 | D:1      | Learned a level 3 spell: Swiftness
  3870 | D:3      | Noticed Terence
  3880 | D:3      | Killed Terence
  4189 | D:3      | Reached XP level 4. HP: 33/33 MP: 7/10
  5793 | D:4      | Noticed an orc warrior
  5821 | D:4      | HP: 1/33 [something/magic dart (3)]
  5825 | D:4      | Killed from afar by an orc wizard

Illustrated notes

Levels and vault maps discovered:
D:1:      minmay_arrival_plants_in_alcoves, layout_loops_ring,
          shapermc_ecumenical_altar_ellora
D:2:      layout_loops_ring
D:3:      layout_loops_ring, grunt_temple_overflow_gold_and_silver, uniq_terence
D:4:      layout_layer_cave, serial_shops, nicolae_diamond_shop, uniq_ijyb,
          uniq_crazy_yiuf_cottage

Skill      XL: |  1  2  3 |
---------------+----------+-----
Conjurations   | 1 2 |  2.6
Air Magic      | 3 |  3.8
Spellcasting   | 2 |  2.9
Dodging        | |  1.7
Stealth        | |  1.7

Action                   |  1- 3 |  4- 6 || total
-------------------------+-------+-------++-------
Melee: Unarmed           |    11 |       ||    11
       Hand axe          |     6 |       ||     6
       Punch             |     1 |       ||     1
       Mace              |     8 |       ||     8
 Fire: Shortbow          |     3 |       ||     3
 Cast: Shock             |    55 |    49 ||   104
       Static Discharge  |    10 |     5 ||    15
       Swiftness         |       |     1 ||     1
  Use: Potion            |     6 |     1 ||     7
       Scroll            |     1 |     3 ||     4
Armor: Robe              |     7 |     3 ||    10
Dodge: Dodged            |    47 |    15 ||    62
